 Dungeon Crawl Stone Soup version 0.31-a0-232-gb1c03b2570 (webtiles) character file.

Game seed: 14274256508527813475

219 qw the Shooter (level 5, 0/45 HPs)
             Began as a Minotaur Hexslinger on July 7, 2023.
             Succumbed to a scorpion's poison
             ... on level 4 of the Dungeon.
             The game lasted 00:01:06 (2267 turns).

qw the Shooter (Minotaur Hexslinger)                Turns: 2267, Time: 00:01:07

Health: 0/45       AC:  7    Str: 13    XL:     5   Next: 63%
Magic:  5/5        EV: 12    Int: 10    God:
Gold:   264        SH:  0    Dex: 14    Spells: 5/6 levels left

rFire   . . .        Y - +1 sling
rCold   . . .        (no shield)
rNeg    . . .        g - +0 leather armour
rPois   .            (helmet restricted)
rElec   .            (no cloak)
rCorr   .            (no gloves)
SInv    .            (no boots)
Will    .....        (no amulet)
Stlth   +            f - +4 ring of protection
HPRegen 0.27/turn    (no ring)
MPRegen 0.09/turn

%: no passive effects
@: lethally poisoned (0 -> -14)
A: horns 2, retaliatory headbutt
a: no special abilities


You were on level 4 of the Dungeon.
You visited 1 branch of the dungeon, and saw 4 of its levels.

You collected 264 gold pieces.


Innate Abilities, Weirdness & Mutations

You have a pair of horns on your head.
You reflexively headbutt those who attack you in melee.


   Skills:
 + Level 3.0 Fighting
 - Level 6.0 Ranged Weapons
 - Level 2.1 Dodging
 - Level 1.0 Spellcasting
 - Level 2.0 Hexes


You had 5 spell levels left.
You knew the following spells:

 Your Spells              Type           Power      Damage    Failure   Level
a - Slow                  Hex            16%        N/A       19%         1

Your spell library contained the following spells:

 Spells                   Type           Power      Damage    Failure   Level
 Inner Flame              Hex/Fire       2%         N/A       65%         3
 Portal Projectile        Hex/Tloc       4%         N/A       65%         3
 Cause Fear               Hex            2%         N/A       88%         4

Inventory:

Hand Weapons
 Y - a +1 sling (weapon)
Armour
 g - a +0 leather armour (worn)
Jewellery
 f - a +4 ring of protection (left hand)
Potions
 b - 2 potions of enlightenment
 d - a potion of heal wounds {unknown}
 e - a potion of invisibility {unknown}
 h - a potion of curing
 k - a potion of degeneration {unknown}

Dungeon Overview and Level Annotations

Branches:
Dungeon (4/15)
 Temple: D:4-7

Altars:
Makhleb
Ru

Shops:
D:1 ==


Message History

The quokka bites you but does no damage.
The scorpion stings you but does no damage.
The quokka bites you but does no damage.
You shoot a sling bullet.
The sling bullet barely misses the scorpion.
The scorpion stings you. The quokka bites you. The scorpion misses you.
You shoot a sling bullet.
The sling bullet hits the scorpion but does no damage.
The quokka bites you but does no damage.
The scorpion stings you.
You shoot a sling bullet.
The sling bullet closely misses the scorpion.
The quokka barely misses you. You furiously retaliate!
You headbutt the quokka!
You kill the quokka!
The scorpion stings you.
You are poisoned.
The scorpion poisons you! The scorpion stings you.
You shoot a sling bullet. The sling bullet hits the scorpion.
The scorpion is lightly wounded.
You feel sick. The scorpion stings you.
You are more poisoned.
The scorpion poisons you!
You shoot a sling bullet.
The sling bullet hits the scorpion but does no damage.
The scorpion is lightly wounded.
You feel very sick. The scorpion misses you. You furiously retaliate!
You headbutt the scorpion! You shoot a sling bullet.
The sling bullet completely misses the scorpion.
You feel very sick. The scorpion barely misses you. x2
You shoot a sling bullet. The sling bullet hits the scorpion.
The scorpion is almost dead.
You feel very sick. The scorpion stings you.
You are more poisoned.
The scorpion poisons you!
You shoot a sling bullet.
The sling bullet closely misses the scorpion.
You die...

#.## #.## # #..# ###.#
## #.##.###...# ...
#.##.##...## #.#
#..#..#.#.# .[.## #
#..#<#.#.##.....
..##.###...........#>#
......................
#.....@s.............
###..................
##.#.##............
#.#....#....(##... #
#...##....## ### ..#.
.....# #...#.....#
...........


You could see a scorpion.

Vanquished Creatures
  A phantom (D:4)
  3 gnolls (D:2)
  3 adders
  A worm (D:2)
  2 dart slugs (D:3)
  3 orcs (D:3)
  4 bats
  6 endoplasms
  4 giant cockroaches
  7 goblins
  8 hobgoblins
  10 jackals
  2 quokkas
  5 ball pythons
  A frilled lizard (D:1)
  4 kobolds
  8 rats
72 creatures vanquished.

Notes
Turn   | Place    | Note
-------+----------+-------------------------------------------
     0 | D:1      | qw the Minotaur Hexslinger began the quest for the Orb.
     0 | D:1      | Reached XP level 1. HP: 16/16 MP: 1/1
     0 | D:1      | 0 ||| qw: Version: 0.3-a-46-gb1f654a
     0 | D:1      | 0 ||| qw: Game counter: 2611
     0 | D:1      | 0 ||| qw: Melee chars always use a shield: true
     0 | D:1      | 0 ||| qw: God list: Okawaru
     0 | D:1      | 0 ||| qw: Allow faded altars: false
     0 | D:1      | 0 ||| qw: Do Orc after clearing Dungeon:15 true
     0 | D:1      | 0 ||| qw: Do second Lair branch before Depths: true
     0 | D:1      | 0 ||| qw: Lair rune preference: random
     0 | D:1      | 0 ||| qw: Goals: Normal
     0 | D:1      | 0 ||| PLANNING D:1-11
    43 | D:1      | Reached skill level 3 in Ranged Weapons
    43 | D:1      | 43 ||| FLEEEEING.
    49 | D:1      | Reached XP level 2. HP: 18/23 MP: 2/2
   146 | D:1      | Found Fosyoheo's Jewellery Boutique.
   158 | D:1      | 158 ||| SHOPLISTING +4 ring of protection (468 gold, have
                  | 60).
   158 | D:1      | 158 ||| SHOPLISTING +6 ring of strength (468 gold, have
                  | 60).
   158 | D:1      | 158 ||| SHOPLISTING ring "Qelaaduu" {Fly rN+} (378 gold,
                  | have 60).
   158 | D:1      | 158 ||| SHOPLISTING ring "Zuruaq" {Drain rElec rPois rC+
                  | rN+++ Dex-3} (679 gold, have 60).
   158 | D:1      | 158 ||| SHOPLISTING ring of Noathe {+Blink rElec rN+} (533
                  | gold, have 60).
   395 | D:1      | Found Eckusch's Jewellery Emporium.
   402 | D:1      | 402 ||| SHOPLISTING +4 ring of protection (396 gold, have
                  | 103).
   402 | D:1      | 402 ||| SHOPLISTING +5 ring of evasion (396 gold, have
                  | 103).
   402 | D:1      | 402 ||| SHOPLISTING ring "Jiamn" {rPois rN+ Str+6 Dex-2}
                  | (519 gold, have 103).
   402 | D:1      | 402 ||| SHOPLISTING ring of ice (275 gold, have 103).
   402 | D:1      | 402 ||| SHOPLISTING ring of protection from fire (275 gold,
                  | have 103).
   609 | D:1      | 609 ||| UPGRADING to +0 leather armour.
   619 | D:1      | 619 ||| DROPPING +0 robe.
   620 | D:1      | 620 ||| UPGRADING to +4 ring of protection.
   621 | D:1      | 621 ||| DROPPING scroll of poison.
   740 | D:2      | Reached XP level 3. HP: 16/29 MP: 3/3
   744 | D:2      | Reached skill level 4 in Ranged Weapons
   744 | D:2      | HP: 7/29 [poisoned by an adder]
  1070 | D:2      | Found a burning altar of Makhleb.
  1167 | D:2      | Reached XP level 4. HP: 32/36 MP: 4/4
  1310 | D:2      | Reached skill level 5 in Ranged Weapons
  1310 | D:2      | 1310 ||| FLEEEEING.
  1311 | D:2      | 1311 ||| FLEEEEING.
  1312 | D:2      | 1312 ||| FLEEEEING.
  1313 | D:2      | 1313 ||| FLEEEEING.
  1314 | D:2      | 1314 ||| FLEEEEING.
  1315 | D:2      | 1315 ||| FLEEEEING.
  1316 | D:2      | 1316 ||| FLEEEEING.
  1317 | D:2      | 1317 ||| FLEEEEING.
  1318 | D:2      | 1318 ||| FLEEEEING.
  1319 | D:2      | 1319 ||| FLEEEEING.
  1320 | D:2      | 1320 ||| FLEEEEING.
  1345 | D:2      | 1345 ||| FLEEEEING.
  1351 | D:2      | 1351 ||| FLEEEEING.
  1352 | D:2      | 1352 ||| FLEEEEING.
  1354 | D:2      | 1354 ||| FLEEEEING.
  1360 | D:2      | 1360 ||| FLEEEEING.
  1361 | D:2      | 1361 ||| FLEEEEING.
  1366 | D:2      | 1366 ||| FLEEEEING.
  1367 | D:2      | 1367 ||| FLEEEEING.
  1368 | D:2      | 1368 ||| FLEEEEING.
  1372 | D:2      | 1372 ||| FLEEEEING.
  1373 | D:2      | 1373 ||| FLEEEEING.
  1378 | D:2      | 1378 ||| STAIRDANCE
  1397 | D:1      | 1397 ||| READING scroll labelled VOUTOT KODUETU.
  1463 | D:1      | 1463 ||| READING scroll labelled DAK AMENEK.
  1464 | D:1      | 1464 ||| READING scroll labelled ZUCALU ACAULA.
  1700 | D:3      | Found a sacrificial altar of Ru.
  1760 | D:3      | Reached skill level 3 in Fighting
  1821 | D:3      | Found a faded altar of an unknown god.
  2157 | D:3      | 2157 ||| READING scroll labelled OGROADASA INUN.
  2162 | D:3      | 2162 ||| READING scroll labelled YMAEWAS FUSU.
  2163 | D:3      | 2163 ||| READING scroll labelled UNIAD QUALAUFF.
  2164 | D:3      | 2164 ||| DRINKING 3 metallic golden potions.
  2165 | D:3      | 2165 ||| DRINKING 2 emerald potions.
  2209 | D:4      | Reached XP level 5. HP: 45/45 MP: 5/5
  2241 | D:4      | Noticed a phantom
  2257 | D:4      | Killed a phantom
  2258 | D:4      | Reached skill level 6 in Ranged Weapons
  2266 | D:4      | HP: 10/45 [poisoned by a scorpion]
  2266 | D:4      | HP: 4/45 [scorpion (6)]
  2267 | D:4      | Succumbed to a scorpion's poison

Levels and vault maps discovered:
D:1:      dpeg_arrival_boxorama, layout_basic, serial_shops,
          nicolae_shop_pleasant_corner_grove, nicolae_shop_window_shopping,
          chequers_hall_statues_wall_a, chequers_serial_rivers_micro_a,
          dk_noncrumbling_2
D:2:      layout_loops_cross, basic_altar
D:3:      layout_basic, nicolae_ru_great_annihilating_truth,
          dreamdust_ecumenical_altar_statues
D:4:      layout_rooms, grunt_temple_overflow_growth_and_decay, serial_shops,
          nicolae_shop_hallway_plus, uniq_sigmund

Skill      XL: |  1  2  3  4  5 |
---------------+----------------+-----
Ranged Weapons | 3 4 5 6 |  6.0
Fighting       | 2 3 |  3.0
Dodging        | |  2.1
Spellcasting   | |  1.0
Hexes          | |  2.0

Action                     |  1- 3 |  4- 6 || total
---------------------------+-------+-------++-------
   Fire: Sling             |   116 |   128 ||   244
    Use: Scroll            |       |     6 ||     6
         Potion            |       |     2 ||     2
 Armour: Robe              |     5 |       ||     5
         Leather armour    |    16 |    20 ||    36
  Dodge: Dodged            |    43 |    45 ||    88

Table legend:
 A = Non-vault XP
 B = Vault XP
 C = Vault XP percentage of total XP
 D = Non-vault monster count
 E = Vault monster count
 F = Vault count percentage of total count
                 A         B        C        D         E       F
            +---------+---------+-------+---------+---------+-------
      Total |     296 |      17 |   5.4 |      68 |       4 |   5.6
            +---------+---------+-------+---------+---------+-------
        D:1 |      28 |       0 |   0.0 |      18 |       0 |   0.0
        D:2 |     119 |       0 |   0.0 |      30 |       0 |   0.0
        D:3 |      28 |      17 |  37.8 |      12 |       4 |  25.0
        D:4 |     121 |       0 |   0.0 |       8 |       0 |   0.0
            +---------+---------+-------+---------+---------+-------
